Map: Ley Lines

Players

Omniman - Winner!

  • Race: Zerg Zerg
  • League: Diamond
  • Spawn Location: 1:00

juice

  • Race: Protoss Protoss
  • League: Diamond
  • Spawn Location: 7:00

VOD

Have the link to the VOD?

Description

Time

  • Played on: April 10, 2025, 1:41 p.m.
  • Length: 12:55
Show
View Real Time Build Order
Export as new Build Order

Omniman Zerg - Winner!

Build Orders: Hatch First 

Get SALT Encoding   

  12  0:00  Drone  
  13  0:12  Overlord  
  13  0:19  Drone  
  14  0:32  Drone x2  
  16  0:47  Hatchery  
  15  0:51  Drone  
  15  0:54  Extractor  
  15  0:58  Drone  
  16  1:14  Spawning Pool  
  16  1:16  Drone  
  16  1:24  Drone  
  16  1:25  Drone  
  18  1:30  Drone  
  19  1:46  Drone  
  20  2:01  Queen  
  20  2:02  Queen  
  20  2:07  Drone x2  
  26  2:09  Zergling x2  
  26  2:12  Metabolic Boost  
  27  2:17  Overlord  
  27  2:36  Hatchery, Drone  
  27  2:54  Drone x3  
  27  2:56  Drone x2  
  32  3:00  Overlord  
  32  3:12  Queen  
  32  3:15  Drone x2  
  36  3:22  Zergling x4  
  38  3:33  Drone x3  
  41  3:35  Overlord  
  41  3:38  Drone  
  42  3:48  Queen  
  44  4:00  Evolution Chamber  
  44  4:02  Evolution Chamber  
  42  4:10  Zergling x4  
  44  4:20  Drone  
  44  4:21  Drone x10  
  44  4:23  Roach Warren  
  54  4:50  Overlord x3  
  54  4:51  Overlord  
  54  4:55  Extractor, Lair  
  54  4:56  Extractor  
  52  5:22  Drone x2  
  52  5:23  Drone x8  
  62  5:33  Zerg Missile Weapons Level 1  
  62  5:34  Overlord x2  
  62  5:35  Overlord x4  
  62  5:50  Hatchery  
  61  5:58  Hatchery  
  60  6:11  Drone  
  60  6:12  Drone x3  
  60  6:17  Roach x13  
  89  6:28  Zerg Ground Armor Level 1  
  80  6:49  Zergling x2, Roach  
  80  6:50  Roach x7  
  81  7:03  Zergling x2  
  81  7:04  Zergling x8  
  82  7:15  Queen  
  80  7:17  Extractor, Overlord x2  
  80  7:22  Zergling x4, Roach  
  85  7:23  Zergling x2  
  86  7:33  Zergling x8  
  83  7:49  Zergling x12  
  83  7:50  Roach x4  
  97  7:57  Glial Reconstitution  
  89  8:18  Drone x5  
  89  8:19  Drone x11  
  98  8:31  Roach x4  
  101  8:42  Queen  
  103  8:51  Zergling x10  
  103  8:52  Zergling x6  
  103  8:53  Roach x4  
  119  8:56  Overlord x2  
  119  8:57  Overlord  
  119  9:01  Ravager  
  119  9:02  Zerg Missile Weapons Level 2, Zerg Ground Armor Level 2  
  120  9:08  Hydralisk Den  
  119  9:11  Roach x5  
  119  9:21  Zergling x2, Roach x5  
  119  9:22  Zergling x10  
  135  9:26  Ravager x2  
  135  9:27  Ravager x3  
  130  9:41  Roach x2  
  130  9:42  Roach x12  
  125  10:09  Zergling x2  
  125  10:10  Zergling x12, Roach x6  
  125  10:11  Roach x2  
  140  10:26  Ravager  
  140  10:27  Ravager x5  
  146  10:33  Extractor  
  146  10:34  Extractor  
  144  10:37  Muscular Augments  
  95  11:35  Roach  
  95  11:36  Zergling x4, Roach x9  
  95  11:37  Zergling x10  
  106  11:53  Hydralisk x9, Roach x7  
  134  11:54  Zergling x2  
  134  11:55  Zergling x12  
  137  12:07  Drone x5  
  137  12:08  Drone x3  
  142  12:23  Hatchery  
  142  12:24  Roach x3  
  142  12:25  Roach x4  
  151  12:38  Zergling x2  
Show
View Real Time Build Order
Export as new Build Order

juice Protoss 

Build Orders: 1 Gate Expand 

Get SALT Encoding   

  12  0:01  Probe  
  13  0:13  Probe  
  14  0:24  Pylon  
  14  0:25  Probe  
  15  0:40  Probe  
  16  0:43  Gateway  
  16  0:49  Probe  
  17  0:57  Probe  
  18  1:09  Probe  
  19  1:13  Assimilator  
  19  1:26  Nexus  
  19  1:35  Cybernetics Core  
  19  1:38  Probe  
  19  1:46  Probe  
  20  1:52  Pylon  
  21  1:57  Assimilator  
  21  2:01  Probe  
  21  2:07  Adept  
  22  2:14  Probe  
  23  2:20  Warp Gate  
  25  2:30  Shield Battery  
  25  2:37  Probe  
  26  2:49  Probe  
  27  2:52  Twilight Council  
  27  2:54  Forge  
  27  2:58  Adept  
  27  3:01  Probe  
  30  3:14  Probe  
  30  3:16  Probe  
  30  3:19  Protoss Ground Weapons Level 1  
  32  3:21  Adept  
  32  3:26  Probe  
  33  3:28  Charge  
  33  3:32  Probe  
  36  3:39  Probe  
  37  3:43  Pylon  
  37  3:44  Probe  
  38  3:51  Probe  
  39  3:56  Probe  
  40  4:03  Probe  
  41  4:10  Shield Battery  
  41  4:12  Gateway  
  41  4:14  Gateway  
  41  4:17  Gateway  
  41  4:18  Stalker  
  41  4:22  Probe  
  44  4:26  Probe  
  45  4:31  Gateway  
  45  4:34  Probe  
  45  4:38  Probe  
  47  4:42  Pylon  
  47  4:46  Probe  
  47  4:47  Templar Archives  
  47  4:48  Assimilator  
  47  4:50  Sentry  
  50  4:54  Pylon  
  50  5:14  Protoss Ground Armor Level 1  
  50  5:20  Stalker  
  50  5:21  Stalker, Zealot x2  
  58  5:32  Assimilator  
  58  5:36  Pylon  
  58  5:42  Gateway  
  58  5:44  Stalker  
  58  5:45  Stalker x2  
  64  5:57  Nexus  
  64  5:58  Pylon  
  64  6:00  Probe, Gateway  
  64  6:02  Pylon  
  65  6:05  Zealot  
  66  6:18  Stalker x2  
  68  6:19  Zealot x2  
  74  6:30  Stalker  
  60  6:55  Stalker x4  
  60  6:56  Zealot  
  60  6:59  Psionic Storm  
  64  7:06  Zealot x2  
  68  7:12  Probe x3  
  71  7:19  Zealot x2  
  71  7:20  Zealot  
  77  7:24  Probe x2  
  71  7:41  Zealot x5  
  71  7:46  Shield Battery  
  69  8:06  Zealot x3  
  73  8:16  Stalker  
  73  8:17  Stalker x3  
  81  8:26  Protoss Ground Weapons Level 2  
  71  8:42  High Templar x2  
  71  8:43  High Templar x2  
  79  8:49  Photon Cannon  
  79  8:51  Shield Battery  
  79  8:53  Probe  
  80  8:55  Shield Battery  
  80  8:58  Photon Cannon  
  80  9:01  Archon  
  80  9:02  High Templar x2, Photon Cannon  
  84  9:08  Archon  
  84  9:09  Zealot  
  86  9:16  Archon  
  86  9:27  Stalker x2  
  86  9:28  Stalker  
  68  9:55  Zealot  
  68  9:56  Zealot x4  
  68  9:57  Zealot x2  
  54  10:15  High Templar  
  54  10:17  Stalker  
  54  10:18  High Templar x2  
  54  10:19  Stalker x2, Zealot  
  64  10:28  Probe  
  64  10:30  Robotics Facility  
  64  10:36  Photon Cannon  
  64  10:38  Probe x2  
  64  10:40  Probe  
  67  10:43  High Templar  
  67  10:50  High Templar x2  
  67  10:51  Stalker  
  67  10:55  Archon  
  67  10:56  Zealot  
  71  11:17  Zealot x3  
  71  11:20  Zealot  
  71  11:30  Zealot x2  
  54  11:42  Zealot x2  
  52  11:50  Zealot x3  
  58  12:00  Pylon  
  54  12:02  Cybernetics Core  
  54  12:03  High Templar  
  54  12:05  High Templar  
  58  12:10  Probe  
  58  12:14  Immortal  
  59  12:16  Photon Cannon  
  59  12:20  Gateway  
  57  12:37  Zealot x3  
  57  12:39  Stalker x3  
Tags
 
Add a new tag
Caveats
  • Supply blocks, unpowered buildings, or Contaminate may cause inaccurate times.
  • Supply counts are checked every 10 seconds.